 Dungeon Crawl Stone Soup version 0.28.0 (webtiles) character file.

Game seed: 8018436404666058998

11 sanka the Magician (level 2, 0/16 HPs)
             Began as a Deep Elf Transmuter on Feb 8, 2022.
             Slain by a quokka (2 damage)
             ... on level 1 of the Dungeon.
             The game lasted 00:00:37 (977 turns).

sanka the Magician (Deep Elf Transmuter)             Turns: 977, Time: 00:00:37

Health: 0/16       AC:  2    Str:  7    XL:     2   Next: 17%
Magic:  8/9        EV: 12    Int: 17    God:
Gold:   27         SH:  0    Dex: 15    Spells: 8/9 levels left

rFire   . . .      SeeInvis .     - Unarmed
rCold   . . .      Faith    .   (no shield)
rNeg    . . .      Spirit   .   a - +0 robe
rPois   .          Reflect  .   (helmet currently unavailable)
rElec   .          Harm     .   (no cloak)
rCorr   .          Rampage  .   (no gloves)
Will    .....                   (boots currently unavailable)
Stlth   +.........              (no amulet)
HPRegen 0.05/turn               (no ring)
MPRegen 0.11/turn               (no ring)

@: appendages
A: horns 2, talons 2
a: End Transformation


You were on level 1 of the Dungeon.
You had temporarily grown beastly horns and talons.
You visited 1 branch of the dungeon, and saw 1 of its levels.

You collected 27 gold pieces.

Inventory:

Armour
 a - a +0 robe (worn)
 d - a +0 pair of boots (melded)
Scrolls
 c - a scroll of identify {unknown}
Potions
 b - a potion of brilliance {unknown}


   Skills:
 - Level 0.7 Fighting
 - Level 2.4 Dodging
 - Level 2.4 Unarmed Combat
 + Level 4.1 Spellcasting
 - Level 2.1 Transmutations


You had 8 spell levels left.
You knew the following spells:

 Your Spells              Type           Power      Damage    Failure   Level
a - Beastly Appendage     Tmut           20%        N/A       6%          1

Your spell library contained the following spells:

 Spells                   Type           Power      Damage    Failure   Level
 Wereblood                Tmut           10%        N/A       10%         2
 Spider Form              Tmut/Pois      7%         N/A       30%         3
 Ice Form                 Ice/Tmut       7%         N/A       69%         4


Dungeon Overview and Level Annotations

Branches:
Dungeon (1/15)

Altars:


Innate Abilities, Weirdness & Mutations

You have temporarily grown beastly horns and talons.


Message History

You now have 27 gold pieces (gained 8).
A ball python comes into view.
The ball python hisses angrily.
A quokka comes into view.
There are monsters nearby!
There are monsters nearby!
You grow a pair of large bovine horns.
Your feet morph into talons.
Your +0 pair of boots melds into your body.
An endoplasm comes into view.
A hobgoblin comes into view.
Your transformation is almost over.
The ball python misses you. The ball python barely misses you.
The endoplasm quivers.
The hobgoblin shouts!
You hit the ball python. Your kick misses the ball python.
The ball python is severely wounded.
The ball python bites you. The ball python grabs you.
The ball python constricts you.
The quokka twitches its whiskers.
You extend your transformation's duration.
The ball python bites you but does no damage.
The ball python constricts you.
You hit the ball python but do no damage.
You claw the ball python, but do no damage.
Your headbutt misses the ball python.
The ball python is severely wounded.
The ball python barely misses you. The ball python constricts you.
The ball python bites you. The ball python constricts you.
You barely miss the ball python.
The ball python is severely wounded.
The ball python bites you. The ball python constricts you.
You hit the ball python.
You kill the ball python!
You hit the quokka but do no damage. Your headbutt misses the quokka.
The quokka bites you.
* * * LOW HITPOINT WARNING * * *
You hit the quokka. You claw the quokka, but do no damage.
The quokka is almost dead.
The quokka bites you.
You die...

..#####.......####
....#.'..........#
#.#.#.#.......##.#
#.#.#.#.......##.#
#.#.#.#.......##.#
#.#.#.#.......##.#
#...#.#.......##.#
#...#.#.......##.#
..#.#.#.......##@#
..#.#.#.......##r#
#.#.#.##########J#
# #.#'######## #g#
# #..........# #.#
# #..........# #.#
# #..........# ...
#.#'######## ...
#.#.#


You could see an endoplasm, a quokka and a hobgoblin.

Vanquished Creatures
  3 ball pythons (D:1)
  2 endoplasms (D:1)
  A goblin (D:1)
  2 hobgoblins (D:1)
  A kobold (D:1)
9 creatures vanquished.

Notes
Turn   | Place    | Note
-------+----------+-------------------------------------------
     0 | D:1      | sanka the Deep Elf Transmuter began the quest for the Orb.
     0 | D:1      | Reached XP level 1. HP: 11/11 MP: 6/6
   525 | D:1      | Reached skill level 4 in Spellcasting
   525 | D:1      | Reached XP level 2. HP: 9/16 MP: 7/9
   977 | D:1      | Slain by a quokka

Illustrated notes

Levels and vault maps discovered:
D:1:      dpeg_arrival_houses_and_road, layout_basic

Skill      XL: |  1 |
---------------+----+-----
Spellcasting   | 4 |  4.1
Fighting       | |  0.7
Dodging        | |  2.4
Unarmed Combat | |  2.4
Transmutations | |  2.1

Action                   || total
-------------------------++-------
Melee: Unarmed           ||    26
       Kick              ||     8
       Headbutt          ||     2
 Cast: Beastly Appendage ||     8
Armor: Robe              ||     3
Dodge: Dodged            ||    13
